[Event "Int SVK-ch Open 2020"]
[Site "Drienica"]
[Date "2020.08.09"]
[Round "3.13"]
[White "Bombek, Peter"]
[Black "Tomcik, Milan"]
[Result "1-0"]
[ECO "A49"]
[WhiteElo "2181"]
[BlackElo "1963"]
[Annotator "ChessBase"]
[PlyCount "101"]
[EventDate "2020.08.07"]
[EventType "swiss"]
[EventCountry "SVK"]
[SourceTitle "playchess.com"]
[Source "ChessBase"]
[SourceQuality "1"]
[TimeControl "40/5400+30:1800+30"]

1. d4 Nf6 2. Nf3 g6 3. g3 Bg7 4. Bg2 O-O 5. O-O d6 6. a4 a5 7. b3 Na6 8. Nbd2 d5 9. Ba3 c6 10. Re1 Ne4 11. Nxe4 dxe4 12. Ne5 f6 13. Nc4 f5 14. e3 b5 15. axb5 cxb5 16. Nxa5 Qxa5 17. Bxe7 Qc3 18. Bxf8 Bxf8 19. Ra2 Bb4 20. Rf1 Rb8 21. Qa1 Rb6 22. Qxc3 Bxc3 23. f3 exf3 24. Bxf3 Kg7 25. Rd1 Kf6 26. Rd3 b4 27. Kf2 h6 28. h4 Bd7 29. Rd1 Bc8 30. Ra5 Rd6 31. Be2 Ke7 32. h5 g5 33. Re5+ Kf6 34. Re8 Be6 35. Rh8 Kg7 36. Ra8 Nc7 37. Ra7 Rd7 38. d5 Nxd5 39. Rxd7+ Bxd7 40. Rxd5 Be6 41. Rd6 Bf7 42. Bd3 f4 43. exf4 gxf4 44. g4 Be5 45. Rd7 Kf6 46. Kf3 Be6 47. Ra7 Bd6 48. Ra5 Bd7 49. Ra6 Ke5 50. Rxd6 Kxd6 51. Kxf4 1-0

[Event "Int SVK-ch Open 2020"]
[Site "Drienica"]
[Date "2020.08.09"]
[Round "3.13"]
[White "Bakalar, Jan"]
[Black "Furman, Maximilian Jan"]
[Result "1/2-1/2"]
[ECO "A00"]
[WhiteElo "1896"]
[BlackElo "1598"]
[Annotator "NA"]
[PlyCount "74"]
[EventDate "2020.08.07"]
[EventType "swiss"]
[EventCountry "SVK"]
[SourceTitle "playchess.com"]
[Source "ChessBase"]
[SourceQuality "1"]
[TimeControl "40/5400+30:1800+30"]

1. g3 Nf6 2. Bg2 d5 3. Nf3 e6 4. d4 Bd6 5. O-O Nbd7 6. b3 O-O {[%emt 0:00:50] D02: 1 d4 d5 2 Nf3 sidelines, including 2...Nf6 3 g3 and 2...Nf6 3 Bf4.} 7. Bb2 c6 8. Ne5 Qc7 {[%emt 0:01:51] [#]} 9. f4 $146 ({Predecessor:} 9. Nxd7 Bxd7 10. Nd2 e5 11. dxe5 Bxe5 12. Bxe5 Qxe5 13. c4 Rfe8 14. Re1 Rad8 15. Nf3 {0-1 (51) Ocytko,M (1337)-Chmielecka,A (1569) Bialystok 2011}) 9... Ne8 10. Nd2 f6 11. Nxd7 Bxd7 12. e4 dxe4 13. Nxe4 Be7 14. c4 Nd6 15. Qe2 Nxe4 16. Bxe4 Rfe8 17. Qc2 f5 18. Bg2 Rad8 19. Rad1 Bf6 20. c5 Re7 21. Rfe1 Be8 22. Bf3 Bf7 23. b4 a6 24. a4 Be8 25. Be2 Red7 26. Bc4 Bf7 27. Bxe6 Bxe6 28. Rxe6 Bxd4+ 29. Rxd4 Rxd4 30. Bxd4 Rxd4 31. Qxf5 Qd7 32. Qe5 Rd1+ 33. Kg2 Rd2+ 34. Kf3 $2 (34. Kh3 $11) 34... Qd3+ 35. Kg4 Qd7 {[%emt 0:00:38] [#]} 36. Kf3 $2 (36. f5 $1 $16 {is necessary to keep the advantage.}) 36... Qd3+ 37. Kg4 Qd7 $16 1/2-1/2

[Event "Int SVK-ch Open 2020"]
[Site "Drienica"]
[Date "2020.08.09"]
[Round "3.14"]
[White "Demeter, Peter"]
[Black "Dujava, Daniel"]
[Result "0-1"]
[ECO "A13"]
[WhiteElo "2139"]
[BlackElo "2111"]
[Annotator "RC"]
[PlyCount "92"]
[EventDate "2020.08.07"]
[EventType "swiss"]
[EventCountry "SVK"]
[SourceTitle "playchess.com"]
[Source "ChessBase"]
[SourceQuality "1"]
[TimeControl "40/5400+30:1800+30"]

1. c4 c6 2. g3 d5 3. Bg2 Nf6 4. Nf3 e6 5. O-O Be7 6. Qc2 O-O 7. b3 Ne4 8. Bb2 Bf6 9. d4 Re8 10. Rd1 a5 11. Ne5 Nd6 12. c5 Nf5 13. Nd2 g6 14. e4 Nh6 15. Ndf3 Bg7 16. Nd2 Na6 17. a3 Nc7 18. h3 f6 19. Nef3 Nf7 20. e5 fxe5 21. Nxe5 Nxe5 22. dxe5 Qe7 23. Nf3 Na6 24. Bd4 Bd7 25. Rac1 Nc7 26. Be3 Qf7 27. Bf4 Qf5 28. Qd2 Nb5 29. a4 Nc7 30. h4 Reb8 31. Rc3 Bf8 32. Ng5 Be7 33. Ne4 dxe4 34. Qxd7 Rd8 35. Qxc7 Rxd1+ 36. Kh2 Qf7 37. Qxb7 Rdd8 38. Qxc6 Rac8 39. Qb6 Bxh4 40. Bxe4 Be7 41. Be3 g5 42. Kg2 Rd1 43. g4 Bd8 44. Qa6 Rc7 45. Qxa5 Qg7 46. Qa8 Qh6 0-1

[Event "Int SVK-ch Open 2020"]
[Site "Drienica"]
[Date "2020.08.09"]
[Round "3.14"]
[White "Geffert, Peter"]
[Black "Lehocz, Jozsef Jr."]
[Result "1/2-1/2"]
[ECO "B56"]
[WhiteElo "1857"]
[BlackElo "1534"]
[Annotator "NA"]
[PlyCount "137"]
[EventDate "2020.08.07"]
[EventType "swiss"]
[EventCountry "SVK"]
[SourceTitle "playchess.com"]
[Source "ChessBase"]
[SourceQuality "1"]
[TimeControl "40/5400+30:1800+30"]

1. e4 c5 2. Nf3 d6 3. d4 cxd4 4. Nxd4 Nf6 5. Nc3 Nc6 6. Be3 Ng4 7. Nxc6 {[%emt 0:03:50] B56: Classical Sicilian: Unusual Lines.} Nxe3 8. Nxd8 Nxd1 9. Rxd1 Kxd8 10. e5 Bf5 11. Bd3 Bxd3 12. Rxd3 Rc8 {[%emt 0:01:43] [#]} 13. O-O $146 ({Predecessor:} 13. exd6 exd6 14. Kd2 Kd7 15. Rf3 f6 16. Re1 Rc5 17. Rfe3 Re5 18. f4 Rxe3 19. Rxe3 {½-½ (28) Garaeva,G-Sudakova,I (2213) St Petersburg 2000}) 13... Kc7 14. exd6+ exd6 15. Rfd1 a6 16. Ne4 Rd8 17. Ng5 Rd7 18. Rc3+ Kb8 19. Rf3 f6 20. Ne6 Re7 21. Re3 g6 22. Rxd6 Bh6 23. Re2 Rhe8 24. Kf1 Bc1 25. b3 Kc8 26. Nd4 Bb2 27. Rxe7 Rxe7 28. Nf3 g5 29. Rd3 Rc7 30. c4 g4 31. Nd2 f5 32. h3 Re7 33. hxg4 fxg4 34. Re3 Rd7 35. Ke2 Bc1 36. Rd3 Re7+ 37. Re3 Rf7 38. Rd3 (38. Ne4 $16 Rf4 39. Nd6+ Kc7 40. Rd3) 38... Re7+ {[%emt 0:00:10] [#]} 39. Kd1 $1 Ba3 40. Re3 ({White should play} 40. Nf1 $16) 40... Rf7 (40... Rxe3 $11 41. fxe3 Kd7) 41. f3 gxf3 42. Rxf3 Rg7 43. Rf2 Bc5 44. Re2 Kc7 45. Ne4 Kc6 46. Nxc5 Kxc5 47. a3 a5 48. Re5+ Kb6 49. Re2 Kc5 50. Re5+ Kb6 51. Rb5+ Ka6 $1 52. Rh5 Rxg2 53. Rxh7 Rb2 54. Rh3 Ra2 55. Kc1 Kb6 56. Rd3 a4 57. b4 Kc6 58. Kb1 Rh2 59. Rd5 b6 60. Rd4 Rg2 61. Rd5 Rg4 62. b5+ Kc7 63. c5 bxc5 64. Rxc5+ Kb6 65. Rf5 $11 Rg3 66. Ka2 Rb3 67. Re5 Rxb5 68. Rxb5+ Kxb5 69. Kb2 1/2-1/2

[Event "Int SVK-ch Open 2020"]
[Site "Drienica"]
[Date "2020.08.09"]
[Round "3.15"]
[White "Magda, Juraj"]
[Black "Tomanek, Rafael"]
[Result "0-1"]
[ECO "B17"]
[WhiteElo "1261"]
[BlackElo "1835"]
[Annotator "NA RC"]
[PlyCount "94"]
[EventDate "2020.08.07"]
[EventType "swiss"]
[EventCountry "SVK"]
[SourceTitle "playchess.com"]
[Source "ChessBase"]
[SourceQuality "1"]
[TimeControl "40/5400+30:1800+30"]

1. e4 c6 2. d4 d5 3. Nc3 dxe4 4. Nxe4 Nd7 5. Nf3 Ngf6 6. Bd3 Nxe4 7. Bxe4 Nf6 8. Bd3 Bg4 9. c3 {[%emt 0:00:22] 9.h3 is not played anymore.} e6 10. Bg5 {[%emt 0:01:44] B17: Caro-Kann: Modern Line (4...Nd7).} Qc7 11. Bxf6 gxf6 {[%emt 0:00:20] [#]} 12. h3 $146 ({Predecessor:} 12. Qe2 Bh6 13. Qe4 Qf4 14. Qxf4 Bxf4 15. Nd2 e5 16. Nb3 O-O-O 17. h3 Be6 18. Rd1 {0-1 (53) Garcia,D (1942)-Garcia,H (2059) Santo Domingo 2010}) 12... Bh5 13. g4 Bg6 14. Bxg6 hxg6 15. Qd3 Bh6 16. Nd2 O-O-O 17. Qc2 e5 18. O-O-O exd4 19. Kb1 dxc3 20. Qxc3 Bxd2 21. Rxd2 Qf4 22. Rc2 Rd4 23. Qc5 Rhd8 24. Rhc1 Kb8 25. Rc3 Rd1 26. a3 Qe4+ 27. Ka2 Rxc1 28. Rxc1 Qd5+ 29. Qxd5 Rxd5 30. Rh1 f5 31. g5 Rd2 32. Rh2 Kc7 33. h4 Kd6 34. h5 gxh5 35. Rxh5 Rxf2 36. Rh7 Ke6 37. Rh6+ Ke7 (37... Ke5 $142 38. Rf6 Rg2 39. Rxf7 Rxg5) 38. g6 $2 (38. Rf6) 38... Rg2 39. gxf7 Kxf7 40. Rh7+ (40. Kb3 $142 Kg7 41. Rd6) 40... Rg7 41. Rh5 (41. Rh6 $142 Rg6 42. Rh2) 41... Ke6 42. Rh6+ Ke5 43. Rh1 f4 44. Re1+ Kd4 45. Kb1 f3 46. Re6 f2 47. Rf6 Rg1+ 0-1

[Event "Int SVK-ch Open 2020"]
[Site "Drienica"]
[Date "2020.08.09"]
[Round "3.16"]
[White "Buran, Jaroslav"]
[Black "Walterova, Ema"]
[Result "1/2-1/2"]
[ECO "D35"]
[WhiteElo "2098"]
[BlackElo "1790"]
[Annotator "NA"]
[PlyCount "45"]
[EventDate "2020.08.07"]
[EventType "swiss"]
[EventCountry "SVK"]
[SourceTitle "playchess.com"]
[Source "ChessBase"]
[SourceQuality "1"]
[TimeControl "40/5400+30:1800+30"]

1. Nf3 d5 2. d4 Nf6 3. c4 e6 4. Nc3 Nbd7 5. cxd5 exd5 6. Bf4 c6 7. e3 Be7 $11 8. Qc2 Nh5 9. Bg3 g6 10. Bd3 Nb6 11. O-O-O Nxg3 12. hxg3 Bg4 13. Rde1 Bxf3 14. gxf3 Qd7 15. e4 dxe4 16. Nxe4 O-O-O 17. Nc5 Bxc5 18. dxc5 Qxd3 19. cxb6 Qxc2+ 20. Kxc2 axb6 21. Rh6 Rde8 22. Rxe8+ Rxe8 23. Rxh7 1/2-1/2

[Event "Int SVK-ch Open 2020"]
[Site "Drienica"]
[Date "2020.08.09"]
[Round "3.16"]
[White "Recky, Norbert"]
[Black "Kucik, Patrik"]
[Result "1/2-1/2"]
[ECO "C74"]
[WhiteElo "1811"]
[BlackElo "1572"]
[Annotator "NA"]
[PlyCount "45"]
[EventDate "2020.08.07"]
[EventType "swiss"]
[EventCountry "SVK"]
[SourceTitle "playchess.com"]
[Source "ChessBase"]
[SourceQuality "1"]
[TimeControl "40/5400+30:1800+30"]

1. e4 e5 2. Nf3 Nc6 3. Bb5 a6 4. Ba4 d6 5. c3 Be7 6. O-O Nf6 7. d3 O-O 8. Re1 b5 9. Bc2 Bb7 10. Nbd2 Na5 11. Nf1 c5 12. Ng3 Re8 13. Nf5 Bf8 14. Bg5 g6 15. Nh6+ Bxh6 16. Bxh6 Nh5 17. b4 cxb4 18. cxb4 Nc6 19. Qd2 Bc8 20. a4 Bg4 21. Ng5 Nd4 22. f3 Be6 23. Nxe6 1/2-1/2

[Event "Int SVK-ch Open 2020"]
[Site "Drienica"]
[Date "2020.08.09"]
[Round "3.17"]
[White "Steiniger, Florian"]
[Black "Ondo, Tomas"]
[Result "1/2-1/2"]
[ECO "C26"]
[WhiteElo "1889"]
[BlackElo "2065"]
[Annotator "ChessBase"]
[PlyCount "26"]
[EventDate "2020.08.07"]
[EventType "swiss"]
[EventCountry "SVK"]
[SourceTitle "playchess.com"]
[Source "ChessBase"]
[SourceQuality "1"]
[TimeControl "40/5400+30:1800+30"]

1. e4 e5 2. Nc3 Nf6 3. g3 Nc6 4. Bg2 Be7 5. Nge2 d6 6. Nd5 Nxd5 7. exd5 Nb8 8. d4 Nd7 9. O-O O-O 10. dxe5 Nxe5 11. h3 Re8 12. Rb1 Bf6 13. Nd4 a6 1/2-1/2

[Event "Int SVK-ch Open 2020"]
[Site "Drienica"]
[Date "2020.08.09"]
[Round "3.17"]
[White "Tomcikova, Zuzana"]
[Black "Kubikova, Nina"]
[Result "1-0"]
[ECO "C58"]
[WhiteElo "1776"]
[BlackElo "1256"]
[Annotator "NA RC"]
[PlyCount "97"]
[EventDate "2020.08.07"]
[EventType "swiss"]
[EventCountry "SVK"]
[SourceTitle "playchess.com"]
[Source "ChessBase"]
[SourceQuality "1"]
[TimeControl "40/5400+30:1800+30"]

1. e4 e5 2. Nf3 Nc6 3. Bc4 Nf6 4. Ng5 d5 5. exd5 Na5 6. Bb5+ Bd7 7. Qe2 Be7 8. Nc3 Bxb5 9. Qxb5+ c6 10. dxc6 Nxc6 11. O-O O-O 12. Qe2 Nd4 13. Qd1 Rc8 14. d3 Nd5 15. Nxd5 Qxd5 16. c3 Nf5 17. Qf3 Qxf3 18. Nxf3 Rfd8 19. Nxe5 f6 20. Ng4 Rxd3 21. Ne3 Nh6 22. Nc2 Nf5 23. Ne3 Nh6 24. Rd1 Rcd8 25. Rxd3 Rxd3 26. Kf1 Bc5 27. h3 Kf8 28. a4 b6 29. Ke2 Rd7 30. b4 Bd6 31. Nc4 Nf5 32. g4 Ne7 33. Nxd6 Rxd6 34. a5 b5 35. Be3 a6 36. Bc5 Rc6 37. Kf3 Kf7 38. Rd1 Rc7 39. Rd6 Nc6 40. Kg3 Ke8 41. f4 Kf7 42. h4 Nb8 43. h5 Nd7 44. Bd4 Nb8 45. Rb6 Rc8 46. g5 fxg5 47. fxg5 g6 48. hxg6+ hxg6 49. Rf6+ 1-0

[Event "Int SVK-ch Open 2020"]
[Site "Drienica"]
[Date "2020.08.09"]
[Round "3.18"]
[White "Kapolkova, Greta"]
[Black "Socko, Weronika"]
[Result "0-1"]
[ECO "B13"]
[WhiteElo "1510"]
[BlackElo "1741"]
[Annotator "NA"]
[PlyCount "82"]
[EventDate "2020.08.07"]
[EventType "swiss"]
[EventCountry "SVK"]
[SourceTitle "playchess.com"]
[Source "ChessBase"]
[SourceQuality "1"]
[TimeControl "40/5400+30:1800+30"]

1. e4 c6 2. d4 d5 3. exd5 cxd5 4. Bd3 Nf6 5. h3 g6 6. Nf3 Bg7 7. Bf4 Nc6 8. c3 O-O 9. O-O a6 10. Nbd2 Bd7 11. Qb3 b5 12. Rfe1 Re8 13. Qc2 Rc8 14. a3 Qb6 15. Nb3 Nd8 16. Ne5 Ne6 17. Bg3 Red8 18. Rad1 a5 19. Qe2 b4 20. axb4 axb4 21. Nxd7 Rxd7 22. Bb5 Ra7 23. c4 Nh5 24. c5 Qd8 25. Bh2 Nf6 26. f3 Ne8 27. Qd2 N8c7 28. Bf1 Ra4 29. Ra1 Rca8 30. Rxa4 Rxa4 31. Be5 f6 32. Bg3 Kf7 33. Ra1 Rxa1 34. Nxa1 f5 35. Bf2 Qa8 36. Nc2 b3 37. Na3 Qa4 38. Nb1 Nxd4 39. Nc3 Qb4 40. Kh1 Qxc5 41. Ne2 Qc2 0-1

[Event "Int SVK-ch Open 2020"]
[Site "Drienica"]
[Date "2020.08.09"]
[Round "3.19"]
[White "Verbovsky, Michal"]
[Black "Marsina, Stefan"]
[Result "1-0"]
[ECO "C02"]
[WhiteElo "2113"]
[BlackElo "1854"]
[Annotator "ChessBase"]
[PlyCount "99"]
[EventDate "2020.08.07"]
[EventType "swiss"]
[EventCountry "SVK"]
[SourceTitle "playchess.com"]
[Source "ChessBase"]
[SourceQuality "1"]
[TimeControl "40/5400+30:1800+30"]

1. e4 e6 2. d4 d5 3. e5 c5 4. c3 Qb6 5. Nf3 Bd7 6. Be2 Bb5 7. O-O Bxe2 8. Qxe2 cxd4 9. cxd4 Ne7 10. Nc3 Nf5 11. Be3 Be7 12. Rfc1 Nc6 13. a3 Nxe3 14. fxe3 O-O 15. b4 Rfc8 16. Na4 Qd8 17. Rc2 f6 18. Rd1 fxe5 19. dxe5 b6 20. e4 Qd7 21. exd5 exd5 22. Nc3 d4 23. Nb5 Qf5 24. Nbxd4 Nxd4 25. Rxc8+ Rxc8 26. Nxd4 Qf4 27. g3 Qh6 28. Nf5 Qg5 29. Qe4 g6 30. Nd6 Rc1 31. Qd5+ Kg7 32. Rxc1 Qxc1+ 33. Kg2 Qg5 34. Qf7+ Kh6 35. Qf4 Kg7 36. Qxg5 Bxg5 37. Nc8 Bc1 38. a4 Bb2 39. e6 a6 40. Nxb6 Kf6 41. Nd5+ Kxe6 42. Nc7+ Kd6 43. Nxa6 Ba3 44. b5 Kd7 45. Kf3 Kd6 46. Ke4 h5 47. h3 Kd7 48. Kd5 Bd6 49. g4 hxg4 50. hxg4 1-0

[Event "Int SVK-ch Open 2020"]
[Site "Drienica"]
[Date "2020.08.09"]
[Round "3.19"]
[White "Bochnickova, Simona"]
[Black "Kulich, Daniel"]
[Result "1-0"]
[ECO "C42"]
[WhiteElo "1797"]
[BlackElo "1492"]
[Annotator "NA"]
[PlyCount "49"]
[EventDate "2020.08.07"]
[EventType "swiss"]
[EventCountry "SVK"]
[SourceTitle "playchess.com"]
[Source "ChessBase"]
[SourceQuality "1"]
[TimeControl "40/5400+30:1800+30"]

1. e4 e5 2. Nf3 Nf6 3. Nxe5 d6 4. Nf3 Nxe4 5. Qe2 Qe7 6. d3 Nf6 7. Bg5 Qxe2+ 8. Bxe2 Be7 9. Nc3 h6 10. Bh4 O-O 11. O-O-O Bd7 12. Rhe1 c5 13. Bf1 Re8 14. Ne4 Nxe4 15. dxe4 Bf8 16. Bg3 Re6 17. Bc4 Rf6 18. e5 Rg6 19. exd6 Rg4 20. Ne5 Rd4 21. Rxd4 cxd4 22. Bxf7+ Kh8 23. Ng6+ Kh7 24. Nxf8+ Kh8 25. Nxd7 1-0

[Event "Int SVK-ch Open 2020"]
[Site "Drienica"]
[Date "2020.08.09"]
[Round "3.20"]
[White "Nandrazi, Dominik"]
[Black "Kulich, Filip"]
[Result "1-0"]
[ECO "A45"]
[WhiteElo "1875"]
[BlackElo "1397"]
[Annotator "NA"]
[PlyCount "39"]
[EventDate "2020.08.07"]
[EventType "swiss"]
[EventCountry "SVK"]
[SourceTitle "playchess.com"]
[Source "ChessBase"]
[SourceQuality "1"]
[TimeControl "40/5400+30:1800+30"]

1. d4 Nf6 2. Bf4 d5 3. e3 c5 4. c3 Nc6 5. Nd2 e6 6. Ngf3 Bd6 7. Ne5 Qc7 8. Bb5 a6 9. Qa4 Bd7 10. Nxd7 Qxd7 11. Bxc6 bxc6 12. dxc5 Bxc5 13. Be5 Be7 14. g4 O-O 15. h4 c5 16. Qf4 Ne8 17. Qh2 Bd6 18. Nf3 Bxe5 19. Nxe5 f6 20. Nxd7 1-0

[Event "Int SVK-ch Open 2020"]
[Site "Drienica"]
[Date "2020.08.09"]
[Round "3.20"]
[White "Harvan, Tomas"]
[Black "Ferkova, Dominika"]
[Result "1-0"]
[ECO "B19"]
[WhiteElo "1794"]
[BlackElo "2111"]
[Annotator "RC"]
[PlyCount "78"]
[EventDate "2020.08.07"]
[EventType "swiss"]
[EventCountry "SVK"]
[SourceTitle "playchess.com"]
[Source "ChessBase"]
[SourceQuality "1"]
[TimeControl "40/5400+30:1800+30"]

1. e4 c6 2. d4 d5 3. Nc3 dxe4 4. Nxe4 Bf5 5. Ng3 Bg6 6. h4 h6 7. Nf3 Nd7 8. h5 Bh7 9. Bd3 Bxd3 10. Qxd3 e6 11. Bd2 Ngf6 12. O-O-O Be7 13. Ne4 Nxe4 14. Qxe4 Nf6 15. Qd3 Qd5 16. c4 Qe4 17. Qb3 b6 18. Rde1 Qf5 19. Ne5 O-O 20. Nxc6 Bd6 21. f3 Nd7 22. g4 Qf6 23. Kb1 Rfc8 24. d5 a6 25. Rhf1 b5 26. Bc3 Qg5 27. dxe6 Nc5 28. exf7+ Kxf7 29. Qc2 Rxc6 30. Qe2 Qe7 31. Qc2 Qc7 32. Qf5+ Kg8 33. Qd5+ Kh8 34. g5 Bf4 35. cxb5 axb5 36. Re7 Qxe7 37. Qxc6 Qa7 38. a3 Bxg5 39. Bd4 Bf4 1-0

[Event "Int SVK-ch Open 2020"]
[Site "Drienica"]
[Date "2020.08.09"]
[Round "3.21"]
[White "Brhel, Jan"]
[Black "Sosovickova, Jana"]
[Result "1-0"]
[ECO "D31"]
[WhiteElo "2042"]
[BlackElo "1829"]
[Annotator "ChessBase"]
[PlyCount "67"]
[EventDate "2020.08.07"]
[EventType "swiss"]
[EventCountry "SVK"]
[SourceTitle "playchess.com"]
[Source "ChessBase"]
[SourceQuality "1"]
[TimeControl "40/5400+30:1800+30"]

1. d4 d5 2. Nf3 e6 3. c4 c6 4. Nc3 dxc4 5. a4 Bb4 6. g3 b5 7. Bg2 Bb7 8. Ne5 Qb6 9. O-O Nf6 10. Be3 Nd5 11. Bd2 Nxc3 12. bxc3 Bd6 13. Bf4 Bxe5 14. Bxe5 f6 15. Bd6 a6 16. e4 Kf7 17. f4 Nd7 18. a5 Qd8 19. e5 f5 20. g4 g6 21. gxf5 exf5 22. d5 cxd5 23. Bxd5+ Bxd5 24. Qxd5+ Kg7 25. e6 Nf6 26. Qb7+ Kh6 27. Be7 Rb8 28. Bxd8 Rxb7 29. Bxf6 Rc8 30. Rf3 Kh5 31. Rh3+ Kg4 32. Rh4+ Kf3 33. Rd1 h5 34. Re1 1-0

[Event "Int SVK-ch Open 2020"]
[Site "Drienica"]
[Date "2020.08.09"]
[Round "3.21"]
[White "Banoci, Jaroslav"]
[Black "Sosovickova, Martina"]
[Result "1-0"]
[ECO "D02"]
[WhiteElo "1833"]
[BlackElo "1362"]
[Annotator "NA RC"]
[PlyCount "93"]
[EventDate "2020.08.07"]
[EventType "swiss"]
[EventCountry "SVK"]
[SourceTitle "playchess.com"]
[Source "ChessBase"]
[SourceQuality "1"]
[TimeControl "40/5400+30:1800+30"]

1. d4 d5 2. Nf3 Nf6 3. Bf4 c5 4. e3 Nc6 5. c3 Qb6 6. Qc1 Bf5 7. Be2 h6 {[%emt 0:02:46] D02: 1 d4 d5 2 Nf3 sidelines, including 2...Nf6 3 g3 and 2...Nf6 3 Bf4.} 8. h3 e6 9. Na3 c4 {[%emt 0:06:37] [#]} 10. b3 $146 ({Predecessor:} 10. Nc2 Be7 11. O-O O-O 12. Re1 Qa5 13. Nd2 b5 14. Bf3 Be4 15. Bxe4 Nxe4 16. f3 {0-1 (65) Poschadel,A (1630)-Kneip,J (2102) Hamburg 2019}) 10... Bxa3 11. Qxa3 cxb3 12. axb3 Ne4 13. Rc1 Qa5 14. Qb2 O-O 15. O-O Rac8 16. Ne1 Ne7 17. b4 Qb6 18. Nd3 Rfd8 19. f3 Nd6 20. Nc5 Bg6 21. Kh2 Nef5 22. e4 dxe4 ({Black should try} 22... Ne7 $14) 23. fxe4 Ne7 24. Bf3 Nc6 {[%emt 0:03:03] [#]} 25. d5 $2 ({White should try} 25. Qf2 $1 $18) 25... exd5 26. exd5 Ne7 27. Qd2 (27. Qe2 $16 Re8 28. Qf2) 27... Nef5 28. g4 (28. c4 $16) 28... Nc4 $1 29. Qf2 Nfd6 30. Rfe1 Re8 31. Qd4 Qc7 $2 (31... Qd8 $11 {and Black is okay.}) 32. Re2 $2 ({Only move:} 32. Rxe8+ $18 Rxe8 {[#]} 33. Qxc4 $1 {[%mdl 576] Pin}) 32... b6 $2 (32... Qd8 $14) 33. Ne4 $2 (33. Rxe8+ $18 Rxe8 {[#]} 34. Qxc4 $1 {[%mdl 576] Pin}) 33... Qd7 $2 {[%emt 0:00:55] [#]} (33... Bxe4 $1 $11 34. Rxe4 (34. Bxe4 Qd8 $11) 34... Qd7) 34. Nxd6 $1 Nxd6 {[%emt 0:00:14] [#]} 35. c4 $1 Rxe2+ 36. Bxe2 Qe7 (36... Re8 {keeps fighting.} 37. Bf1 Re4) 37. Bf3 Nb7 $2 (37... f5 38. c5 Nb5) 38. d6 Qd7 39. c5 bxc5 40. bxc5 Na5 41. Re1 Nb3 42. Qe5 $2 (42. c6 $18 Rxc6 43. Bxc6 Qxc6 44. Qxa7) 42... Nxc5 43. Rc1 Nd3 $2 (43... Ne6 $1 $11 {and Black has nothing to worry.}) 44. Qe7 Qxe7 (44... Rd8 $142) 45. Rxc8+ Qf8 46. d7 Nxf4 47. Rxf8+ 1-0

[Event "Int SVK-ch Open 2020"]
[Site "Drienica"]
[Date "2020.08.09"]
[Round "3.22"]
[White "Bujna, Martin"]
[Black "Kardis, Benjamin"]
[Result "1/2-1/2"]
[ECO "A90"]
[WhiteElo "1841"]
[BlackElo "2042"]
[Annotator "NA"]
[PlyCount "60"]
[EventDate "2020.08.07"]
[EventType "swiss"]
[EventCountry "SVK"]
[SourceTitle "playchess.com"]
[Source "ChessBase"]
[SourceQuality "1"]
[TimeControl "40/5400+30:1800+30"]

1. d4 f5 2. c4 Nf6 3. Nf3 e6 4. g3 d5 5. Nc3 c6 6. cxd5 exd5 7. Bg2 Bd6 8. Bg5 h6 9. Bd2 O-O 10. Nh4 Qe8 11. O-O Ne4 12. Bf4 Bxf4 13. gxf4 Nd7 14. e3 Ndf6 15. Nf3 Ng4 16. h3 Ngf6 17. Ne5 Nd7 18. Nxe4 fxe4 19. f3 Nxe5 20. fxe5 Qg6 21. Kh2 exf3 22. Rxf3 Bf5 23. Rg3 Qh7 24. Qb3 Rf7 25. Rg1 Raf8 26. Qa3 a6 27. Qd6 Rd7 28. Qb4 Rff7 29. Qd6 Rf8 30. Qb4 Rff7 1/2-1/2

[Event "Int SVK-ch Open 2020"]
[Site "Drienica"]
[Date "2020.08.09"]
[Round "3.22"]
[White "Ganzova, Veronika"]
[Black "Horbalova, Ivana"]
[Result "1-0"]
[ECO "C04"]
[WhiteElo "1614"]
[BlackElo "1306"]
[Annotator "NA"]
[PlyCount "55"]
[EventDate "2020.08.07"]
[EventType "swiss"]
[EventCountry "SVK"]
[SourceTitle "playchess.com"]
[Source "ChessBase"]
[SourceQuality "1"]
[TimeControl "40/5400+30:1800+30"]

1. e4 e6 2. d4 d5 3. Nd2 Nc6 4. Ngf3 Nf6 5. e5 Nd7 6. c3 f6 7. exf6 Qxf6 8. Bd3 e5 9. dxe5 Ncxe5 10. Bc2 Bd6 11. O-O O-O 12. Nxe5 Nxe5 13. Nb3 c6 14. f3 Bf5 15. Be3 Nc4 16. Bd4 Qh6 17. g3 Rae8 18. Bxf5 Rxf5 19. f4 Qh3 20. Qc2 Re4 21. Rae1 Rxe1 22. Rxe1 Kf7 23. Qe2 Kg8 24. Qe6+ Kh8 25. Qc8+ Bf8 26. Re8 h5 27. Rxf8+ Kh7 28. Rh8+ 1-0

[Event "Int SVK-ch Open 2020"]
[Site "Drienica"]
[Date "2020.08.09"]
[Round "3.23"]
[White "Soldan, Jan"]
[Black "Konyves, Almos"]
[Result "0-1"]
[ECO "B32"]
[WhiteElo "1783"]
[BlackElo "2090"]
[Annotator "ChessBase"]
[PlyCount "92"]
[EventDate "2020.08.07"]
[EventType "swiss"]
[EventCountry "SVK"]
[SourceTitle "playchess.com"]
[Source "ChessBase"]
[SourceQuality "1"]
[TimeControl "40/5400+30:1800+30"]

1. e4 c5 2. Nf3 Nc6 3. d4 cxd4 4. Nxd4 Qb6 5. Nxc6 Qxc6 6. Nc3 a6 7. Bd3 e6 8. O-O d6 9. Be3 Nf6 10. h3 b5 11. a3 Bb7 12. Qe2 Qc7 13. f4 Be7 14. Rae1 O-O 15. Qf2 Nd7 16. b4 Qxc3 17. Bd4 Qc6 18. e5 Bh4 19. Qe2 Bxe1 20. Rxe1 dxe5 21. fxe5 Rfd8 22. Qf2 Nf8 23. c3 Ng6 24. Re2 Qxg2+ 25. Qxg2 Bxg2 26. Rxg2 Nf4 27. Rg3 Nxd3 28. Rxd3 a5 29. Kf2 axb4 30. axb4 Ra2+ 31. Kf3 f5 32. Kf4 Rf2+ 33. Kg3 Re2 34. Kf4 Re4+ 35. Kf3 Rxe5 36. Rd1 Red5 37. Re1 Kf7 38. Ra1 e5 39. Ra7+ Kf6 40. Bc5 Rd3+ 41. Kg2 Rd2+ 42. Bf2 Rc2 43. Ra6+ Kg5 44. Kf3 Rd3+ 45. Be3+ f4 46. h4+ Kf5 0-1

[Event "Int SVK-ch Open 2020"]
[Site "Drienica"]
[Date "2020.08.09"]
[Round "3.23"]
[White "Andras, Anton"]
[Black "Stanko, Ivan"]
[Result "0-1"]
[ECO "B34"]
[WhiteElo "1582"]
[BlackElo "1848"]
[Annotator "NA"]
[PlyCount "40"]
[EventDate "2020.08.07"]
[EventType "swiss"]
[EventCountry "SVK"]
[SourceTitle "playchess.com"]
[Source "ChessBase"]
[SourceQuality "1"]
[TimeControl "40/5400+30:1800+30"]

1. e4 c5 2. Nf3 Nc6 3. Nc3 g6 4. d4 cxd4 5. Nxd4 Bg7 6. Nxc6 bxc6 7. Bc4 Qc7 8. O-O Nf6 9. Re1 d6 10. Qf3 O-O 11. Bb3 Ng4 12. Qg3 a5 13. a4 Rb8 14. Bf4 Bd4 15. Re2 Rb4 16. h3 Nf6 17. Qf3 Be6 18. Bxe6 fxe6 19. b3 Nh5 20. g3 e5 0-1

[Event "Int SVK-ch Open 2020"]
[Site "Drienica"]
[Date "2020.08.09"]
[Round "3.24"]
[White "Sevcik, Lubomir"]
[Black "Kucera, Michal"]
[Result "0-1"]
[ECO "E24"]
[WhiteElo "1748"]
[BlackElo "1991"]
[Annotator "ChessBase"]
[PlyCount "56"]
[EventDate "2020.08.07"]
[EventType "swiss"]
[EventCountry "SVK"]
[SourceTitle "playchess.com"]
[Source "ChessBase"]
[SourceQuality "1"]
[TimeControl "40/5400+30:1800+30"]

1. d4 Nf6 2. c4 e6 3. Nc3 Bb4 4. a3 Bxc3+ 5. bxc3 c5 6. Qa4 O-O 7. Bg5 h6 8. Bxf6 Qxf6 9. Nf3 d6 10. e3 e5 11. Bd3 Bd7 12. Qc2 Nc6 13. d5 Na5 14. O-O Qe7 15. Nd2 f5 16. Nb3 Ba4 17. Rab1 Bxb3 18. Rxb3 Nxb3 19. Qxb3 e4 20. Bc2 Rab8 21. Rb1 Qe5 22. g3 g5 23. Re1 Rf7 24. Bd1 Rg7 25. h3 Rf8 26. Kg2 f4 27. exf4 gxf4 28. Bf3 exf3+ 0-1